 Dungeon Crawl Stone Soup version 0.28.0-45-g0d030f2227 (webtiles) character file.

Game seed: 10509275926285143302

137375 TickTock the Severer (level 16, 0/150 HPs)
             Began as a Minotaur Berserker on Apr 10, 2022.
             Was the Champion of Trog.
             Shot with a sling bullet by a satyr (16 damage)
             ... on level 4 of the Shoals.
             The game lasted 01:30:41 (24069 turns).

TickTock the Severer (Minotaur Berserker)          Turns: 24069, Time: 01:30:41

Health: 0/150      AC: 28    Str: 35    XL:     16   Next: 68%
Magic:  15/15      EV: 12    Int:  7    God:    Trog [******]
Gold:   1828       SH:  5    Dex: 11    Spells: 15/15 levels left

rFire   + + +      SeeInvis .   U - +4 battleaxe (vamp)
rCold   + . .      Faith    .   (shield currently unavailable)
rNeg    . . .      Spirit   .   k - +9 chain mail "Vuah" {rF++}
rPois   +          Reflect  +   j - +2 hat {Int+3}
rElec   .          Harm     .   o - scarf {rC+ rF+}
rCorr   .          Rampage  +   K - +0 pair of gloves
Will    +....                   n - +2 pair of boots {rampage}
Stlth   ..........              m - amulet of reflection
HPRegen 0.35/turn               P - ring of poison resistance
MPRegen 0.14/turn               S - +6 ring of strength

@: afraid
A: horns 2, retaliatory headbutt
a: Renounce Religion, Berserk, Trog's Hand, Brothers in Arms


You were on level 4 of the Shoals.
You worshipped Trog.
Trog was exalted by your worship.
You visited 3 branches of the dungeon, and saw 20 of its levels.
You also visited: Ossuary and Bailey.

You collected 1870 gold pieces.
You spent 42 gold pieces at shops.


Innate Abilities, Weirdness & Mutations

You have a pair of horns on your head.
You reflexively headbutt those who attack you in melee.


   Skills:
 - Level 15.6 Fighting
 + Level 19.3 Axes
 - Level 15.5 Staves
 - Level 12.6 Armour
 - Level 8.3 Dodging
 - Level 10.4 Evocations


You had 15 spell levels left.
You didn't know any spells.
Your spell library was empty.

Inventory:

Hand Weapons
 g - a +3 antimagic battleaxe
 h - the +7 staff of the Meek {protect, meekguard}
   (You found it on level 2 of the Dungeon)

   It grants its wielder temporary protection when it strikes (+7 to AC).
   It provides extra protection to wielders with little health.
 i - a +2 demon trident of draining
 U - a +4 vampiric battleaxe (weapon)
Armour
 j - a +2 hat of intelligence (worn)
 k - the +9 chain mail "Vuah" (worn) {rF++}
   (You found it on level 6 of the Lair of Beasts)

   rF:        It greatly protects you from fire.
 l - a +0 plate armour
 n - a +2 pair of boots of rampaging (worn)
 o - a scarf of resistance (worn)
 K - a +0 pair of gloves (worn)
Jewellery
 m - an amulet of reflection (around neck)
 v - a ring of see invisible
 P - a ring of poison resistance (left hand)
 Q - an amulet of guardian spirit
 R - a ring of resist corrosion
 S - a +6 ring of strength (right hand)
Wands
 p - a wand of digging (3)
Scrolls
 a - a scroll of enchant weapon {unknown}
 c - a scroll of fear
 q - a scroll of fog
 s - 2 scrolls of holy word
 A - a scroll of torment
 G - 2 scrolls of immolation {unknown}
 O - 3 scrolls of vulnerability
 T - a scroll of summoning {unknown}
 Y - 2 scrolls of magic mapping
Potions
 d - 5 potions of attraction
 e - 3 potions of curing {@q1}
 f - 4 potions of berserk rage {!q}
 w - 2 potions of flight {unknown}
 B - 2 potions of lignification
 E - 2 potions of magic {unknown}
 I - 9 potions of ambrosia
 N - 3 potions of mutation {unknown}
 W - 2 potions of brilliance
 Z - a potion of might
Miscellaneous
 r - a piece from Xom's chessboard (15/15)
 t - a box of beasts (inert)
 u - a piece from Xom's chessboard (15/15)
 V - a lightning rod (3/4) (quivered)

Dungeon Overview and Level Annotations

Branches:
Dungeon (10/15)            Temple (0/1) D:4            Lair (6/6) D:10
 Shoals (4/4) Lair:3        Snake (0/4) Lair:2        Slime (0/5) Lair:5
Ossuary (visited)          Bailey (visited)
    Orc: D:9-12

Altars:
Ashenzari
Dithmenos
Fedhas
Makhleb
Nemelex Xobeh
Ru
Trog
Wu Jian
Xom
Yredelemnul
Zin
The Shining One

Shops:
D:2 ! D:9

:
≈≈≈###..P............≈≈≈≈
≈≈≈≈≈...c.............≈≈≈≈
≈≈≈≈≈.......c.........≈≈≈≈
≈≈≈≈.............▒▒▒▒#≈≈≈≈
≈≈≈≈...[.........▒ ▒#....
≈≈≈≈...........)†▒###.....
≈≈≈.............†#........
..........†.....))........
.......t.@)≈≈....<...▒....
≈≈≈..≈≈≈≈..≈≈≈..)≈≈..#....
≈≈....m....≈≈≈..≈≈≈..#....
≈..........≈≈≈.≈≈≈≈.....m.
≈...###........≈≈≈≈≈......
≈≈.. #........≈≈≈≈≈≈.....
≈.. ..≈≈..≈≈≈≈≈≈≈≈≈≈≈...
≈. .....≈≈≈≈≈≈≈≈≈≈≈≈≈≈≈.
≈≈≈≈≈≈≈≈≈≈≈..


You could see 2 satyrs, a merfolk aquamancer and a snapping turtle.


Message History

The satyr plays a rousing melody on his pipes!
The merfolk siren chants its luring song.
The snapping turtle bites you but does no damage.
The satyr shoots a sling bullet.
The sling bullet hits you but does no damage.
The satyr shoots a sling bullet.
The sling bullet hits you!
You wake up.
* * * LOW HITPOINT WARNING * * *
The merfolk siren chants its luring song.
You block the snapping turtle's attack.
The satyr shoots a sling bullet.
The sling bullet hits you but does no damage.
You slice the merfolk siren!!
You feel better.
You are no longer entranced.
You kill the merfolk siren!
Trog accepts your kill.
Trog appreciates your killing of a magic user.
The satyr shoots a sling bullet.
The sling bullet hits you!!
* * * LOW HITPOINT WARNING * * *
The snapping turtle bites you from afar!
* * * LOW HITPOINT WARNING * * *
The satyr plays a rousing melody on his pipes!
The satyr goes into a battle-frenzy!
You feel better.
The satyr shoots a sling bullet.
You reflect the sling bullet off an invisible shield around you!
The sling bullet hits the satyr!!
The snapping turtle barely misses you.
The satyr shoots a sling bullet.
The sling bullet hits you but does no damage.
You feel better.
The snapping turtle bites you but does no damage.
The satyr shoots a sling bullet.
The sling bullet hits you!
You die...

Skill      XL: |  1  2  3  4  5  6  7  8  9 10 11 12 13 14 15 16 |
---------------+-------------------------------------------------+-----
Fighting       | 4 5 6 7 8 10 12 13 15 | 15.6
Axes           | 4 15 19 | 19.3
Armour         | 3 4 5 6 8 9 11 12 | 12.6
Dodging        | 3 8 |  8.3
Staves         | 1 3 4 5 7 9 11 13 14 15 | 15.5
Evocations     | 1 5 8 10 | 10.4

Action                   |  1- 3 |  4- 6 |  7- 9 | 10-12 | 13-15 | 16-18 || total
-------------------------+-------+-------+-------+-------+-------+-------++-------
Melee: Hand axe          |    69 |       |       |       |       |       ||    69
       Headbutt          |    13 |    11 |    39 |    52 |   168 |    67 ||   350
       Punch             |     1 |       |       |       |       |       ||     1
       Quarterstaff      |     9 |   101 |   258 |   271 |   409 |       ||  1048
       Battleaxe         |       |       |       |       |   432 |   324 ||   756
Throw: Throwing net      |       |       |       |       |     4 |     2 ||     6
Invok: Berserk           |       |       |       |     4 |     7 |     5 ||    16
       Brothers in Arms  |       |       |       |       |       |     2 ||     2
Evoke: Wand              |       |       |     7 |    18 |    32 |    22 ||    79
       Lightning rod     |       |       |       |       |     4 |     1 ||     5
       Box of beasts     |       |       |       |       |       |     1 ||     1
  Use: Scroll            |       |       |     8 |     3 |    14 |     9 ||    34
       Potion            |       |       |     1 |     1 |    15 |     7 ||    24
 Stab: Paralysed         |       |       |       |     9 |     6 |       ||    15
       Held in net/web   |       |       |       |       |     1 |       ||     1
       Distracted        |       |       |       |       |       |     2 ||     2
       Invisible         |       |       |       |       |       |     1 ||     1
Armor: Animal skin       |     5 |       |       |       |       |       ||     5
       Ring mail         |     5 |    27 |       |       |       |       ||    32
       Plate armour      |       |    50 |   136 |   141 |   601 |       ||   928
       Chain mail        |       |       |       |       |    79 |   211 ||   290
Dodge: Dodged            |    49 |    57 |   113 |    90 |   459 |   201 ||   969
Block: Other             |       |       |       |    16 |   224 |    92 ||   332
       Reflection        |       |       |       |       |     3 |     9 ||    12

Levels and vault maps discovered:
D:1:      eino_arrival_water_cross, layout_loops_cross,
          chequers_ecumenical_altar_simple
D:2:      layout_basic, basic_altar, serial_shops, shop, uniq_crazy_yiuf_cottage
D:3:      layout_rooms, kennysheep_generic_room_12
D:4:      layout_basic, mainiacjoe_overflow_catwalk, temple_green,
          goddamned_bats
D:5:      layout_basic, tso_metal_star, kennysheep_mini_moat,
          chequers_arboretum, dk_noncrumbling_4, item_on_display_a, uniq_ijyb
D:6:      layout_basic, lightli_temple_of_fire, minivault_27,
          grunt_ministairs_4, uniq_eustachio
D:7:      layout_rooms, mainiacjoe_overflow_tiny_flanked,
          nicolae_ossuary_entry_false_entrances, chequers_serial_rivers_room_b,
          chequers_serial_rivers_marsh
D:8:      layout_basic, mainiacjoe_overflow_boulevard, minmay_checkerbox,
          uniq_psyche
D:9:      layout_irregular_city, grunt_temple_overflow_order_and_chaos_1,
          mainiacjoe_overflow_six_doors_small, nzn_ghost_randoct,
          nicolae_shop_self_help, uniq_pikel
D:10:     layout_rooms, mainiacjoe_overflow_catwalk_spiral,
          grunt_lair_entry_orc_guard_hut, enter_bailey_5, uniq_josephine
Lair:1:   layout_chaotic_city, minmay_lair_oklob_bushes
Lair:2:   layout_loops_ring, minmay_snake_entry_six_corridors, special_room
          [special_room_bee], nicolae_lair_run_with_the_wolves
Lair:3:   layout_loops_ring, elwin_shoals_entry_stream, special_room,
          uniq_gastronok
Lair:4:   layout_layer_cave, serial_bayou_shore_a
Lair:5:   layout_loops_ring, minmay_slime_entry_pillars, grunt_megastairs_5
Lair:6:   hangedman_lair_caniforms_friends, layout_layer_cave, wormcave,
          portal_ice_cave_demonic_guard, serial_bayou_shore_b,
          lemuel_fruit_fields, lemuel_fruit_fields
Shoals:1: layout_shoals, gammafunk_ghost_split
Shoals:2: layout_shoals, hangedman_feature_mirror,
          nicolae_shoals_kraken_intersection
Shoals:3: layout_shoals, uniq_ilsuiw
Shoals:4: shoals_end_grunt_garden, layout_shoals, yaktaur_hedge,
          uniq_polyphemus, uniq_bai_suzhen, uniq_donald

Notes
Turn   | Place    | Note
-------+----------+-------------------------------------------
     0 | D:1      | TickTock the Minotaur Berserker began the quest for the
                  | Orb.
     0 | D:1      | Reached XP level 1. HP: 19/19 MP: 0/0
   181 | D:1      | Reached XP level 2. HP: 27/27 MP: 1/1
   222 | D:1      | Found a faded altar of an unknown god.
   459 | D:1      | Reached skill level 4 in Fighting
   726 | D:2      | Found a blossoming altar of Fedhas.
   742 | D:2      | Reached skill level 4 in Axes
   872 | D:2      | Reached XP level 3. HP: 14/33 MP: 2/2
  1150 | D:2      | Reached skill level 3 in Armour
  1315 | D:2      | Reached ** piety under Trog
  1335 | D:2      | Found Seon's Distillery.
  1345 | D:2      | Bought a potion of curing for 42 gold pieces
  1527 | D:2      | Found the +7 staff of the Meek {protect, meekguard}
  1581 | D:2      | Found a runed translucent door.
  1582 | D:2      | Noticed Crazy Yiuf
  1957 | D:2      | Killed Crazy Yiuf
  1958 | D:2      | Reached skill level 3 in Dodging
  1958 | D:2      | Reached XP level 4. HP: 35/41 MP: 3/3
  2128 | D:3      | Reached skill level 1 in Staves
  2672 | D:4      | Reached XP level 5. HP: 47/47 MP: 4/4
  2683 | D:4      | Reached skill level 5 in Fighting
  2683 | D:4      | Reached skill level 2 in Staves
  2683 | D:4      | Reached skill level 4 in Armour
  2969 | D:4      | Reached *** piety under Trog
  3042 | D:4      | Found a staircase to the Ecumenical Temple.
  3102 | D:4      | Found a basalt altar of Yredelemnul.
  3111 | D:4      | Reached skill level 3 in Staves
  3111 | D:4      | Reached XP level 6. HP: 56/56 MP: 5/5
  3529 | D:4      | Reached skill level 5 in Armour
  3596 | D:5      | Entered Level 5 of the Dungeon
  3666 | D:5      | Identified a scarf of resistance
  3715 | D:5      | Reached skill level 6 in Fighting
  3715 | D:5      | Reached skill level 4 in Staves
  3747 | D:5      | Reached XP level 7. HP: 63/63 MP: 6/6
  3770 | D:5      | Noticed Ijyb
  3780 | D:5      | Killed Ijyb
  3862 | D:5      | Found a glowing golden altar of the Shining One.
  3930 | D:5      | Found a burning altar of Makhleb.
  4145 | D:5      | Reached skill level 5 in Staves
  4145 | D:5      | Reached skill level 6 in Armour
  4408 | D:6      | Reached skill level 7 in Fighting
  4461 | D:6      | Reached XP level 8. HP: 73/73 MP: 7/7
  4525 | D:6      | Reached **** piety under Trog
  4589 | D:6      | Reached skill level 6 in Staves
  4589 | D:6      | Reached skill level 7 in Armour
  4773 | D:6      | Found a bloodstained altar of Trog.
  4904 | D:6      | Noticed Eustachio
  4910 | D:6      | Killed Eustachio
  4911 | D:6      | Reached skill level 8 in Fighting
  5161 | D:7      | Found an ornate altar of the Wu Jian Council.
  5191 | D:7      | Reached skill level 7 in Staves
  5404 | D:7      | Reached skill level 8 in Armour
  5696 | D:7      | Found a sand-covered staircase.
  5759 | Ossuary  | Entered an ossuary
  5827 | Ossuary  | Reached XP level 9. HP: 82/82 MP: 8/8
  6129 | Ossuary  | Reached ***** piety under Trog
  6326 | D:7      | Reached skill level 9 in Fighting
  6471 | D:8      | Reached skill level 8 in Staves
  6478 | D:8      | Reached skill level 9 in Armour
  6598 | D:8      | Found a sacrificial altar of Ru.
  6696 | D:8      | Noticed Psyche
  6718 | D:8      | Killed Psyche
  6719 | D:8      | Reached skill level 10 in Fighting
  6997 | D:8      | Reached skill level 9 in Staves
  7442 | D:9      | Noticed Pikel
  7450 | D:9      | Killed Pikel
  7451 | D:9      | Reached skill level 1 in Evocations
  7493 | D:9      | Found a shadowy altar of Dithmenos.
  7539 | D:9      | Noticed Rudyous's ghost (novice DrCK)
  7562 | D:9      | Found a transporter.
  7563 | D:9      | Noticed a purple ugly thing
  7563 | D:9      | Noticed a two-headed ogre
  7568 | D:9      | Found a glowing silver altar of Zin.
  7569 | D:9      | Noticed an angel
  7574 | D:9      | Reached XP level 10. HP: 90/94 MP: 9/9
  7596 | D:9      | Found a transporter.
  7703 | D:9      | Reached skill level 2 in Evocations
  7818 | D:9      | Found Zeizupp's Self-Improvement Boutique.
  7835 | D:9      | Noticed a cyclops
  7843 | D:9      | Killed a cyclops
  7927 | D:9      | Noticed a two-headed ogre
  7991 | D:9      | Found a shimmering altar of Xom.
  8118 | D:9      | Killed a purple ugly thing
  8119 | D:9      | Reached skill level 11 in Fighting
  8119 | D:9      | Reached skill level 10 in Staves
  8119 | D:9      | Reached skill level 3 in Evocations
  8127 | D:9      | Killed a two-headed ogre
  8137 | D:9      | Killed Rudyous's ghost
  8138 | D:9      | Reached skill level 4 in Evocations
  8139 | D:9      | Killed a two-headed ogre
  8140 | D:9      | Reached skill level 11 in Staves
  8259 | D:9      | Killed an angel
  8274 | D:9      | Reached skill level 12 in Fighting
  8456 | D:10     | Entered Level 10 of the Dungeon
  8456 | D:10     | Found a broken altar of Ashenzari.
  8468 | D:10     | Noticed a two-headed ogre
  8476 | D:10     | Killed a two-headed ogre
  8477 | D:10     | Reached skill level 5 in Evocations
  8509 | D:10     | Found a flagged portal.
  8536 | D:10     | Reached XP level 11. HP: 103/104 MP: 10/10
  8559 | D:10     | Noticed Josephine
  8574 | D:10     | Killed Josephine
  8693 | D:10     | Found a staircase to the Lair.
  8753 | D:10     | Received a gift from Trog
  8938 | D:10     | Found a blossoming altar of Fedhas.
  8950 | D:10     | Reached skill level 12 in Staves
  9006 | D:10     | Reached skill level 6 in Evocations
  9089 | Bailey   | Entered a bailey
  9221 | Bailey   | Noticed an orc knight
  9221 | Bailey   | Noticed an orc knight
  9236 | Bailey   | Killed an orc knight
  9237 | Bailey   | Reached skill level 13 in Fighting
  9243 | Bailey   | Killed an orc knight
  9356 | Bailey   | Noticed an orc warlord
  9377 | Bailey   | Killed an orc warlord
  9655 | Bailey   | Reached skill level 13 in Staves
  9655 | Bailey   | Reached skill level 11 in Armour
  9655 | Bailey   | Reached skill level 8 in Evocations
  9655 | Bailey   | Reached XP level 12. HP: 115/115 MP: 11/11
  9765 | Lair:1   | Entered Level 1 of the Lair of Beasts
  9824 | Lair:1   | Received a gift from Trog
  9891 | Lair:1   | Reached skill level 14 in Staves
  9966 | Lair:1   | Noticed an eight-headed hydra
  9975 | Lair:1   | Killed an eight-headed hydra
 10512 | Lair:2   | Reached XP level 13. HP: 118/123 MP: 12/12
 10514 | Lair:2   | Reached skill level 14 in Fighting
 10647 | Lair:2   | Reached skill level 9 in Evocations
 11311 | Lair:2   | Found a staircase to the Snake Pit.
 11347 | Lair:2   | Reached skill level 15 in Staves
 12192 | Lair:3   | Found a staircase to the Shoals.
 12202 | Lair:3   | Reached skill level 15 in Fighting
 12425 | Lair:3   | Reached skill level 10 in Evocations
 12726 | Lair:3   | Received a gift from Trog
 12765 | Lair:3   | Reached ****** piety under Trog
 12793 | Lair:3   | Noticed Gastronok
 12812 | Lair:3   | Killed Gastronok
 12813 | Lair:3   | Reached skill level 4 in Dodging
 13963 | Lair:4   | Reached skill level 5 in Dodging
 14947 | Lair:5   | Found a staircase to the Slime Pits.
 14960 | Lair:5   | Reached skill level 6 in Dodging
 15019 | Lair:5   | Reached skill level 12 in Armour
 15019 | Lair:5   | Reached skill level 8 in Dodging
 15019 | Lair:5   | Reached XP level 14. HP: 135/135 MP: 13/13
 15103 | Lair:5   | Reached XP level 15. HP: 141/141 MP: 14/14
 15729 | Lair:6   | Entered Level 6 of the Lair of Beasts
 15772 | Lair:6   | Found a runed translucent door.
 15787 | Lair:6   | Reached skill level 5 in Axes
 15899 | Lair:6   | Reached skill level 6 in Axes
 16186 | Lair:6   | Reached skill level 7 in Axes
 16249 | Lair:6   | Reached skill level 8 in Axes
 16451 | Lair:6   | Reached skill level 9 in Axes
 16504 | Lair:6   | Received a gift from Trog
 16569 | Lair:6   | Reached skill level 10 in Axes
 16591 | Lair:6   | Reached skill level 11 in Axes
 17122 | Lair:6   | Reached skill level 12 in Axes
 17425 | Lair:6   | Reached skill level 13 in Axes
 18262 | Lair:6   | Identified the +9 chain mail "Vuah" {rF++}
 18530 | Shoals:1 | Entered Level 1 of the Shoals
 18559 | Shoals:1 | Noticed Stoinky's ghost (journeyman MiAK)
 18584 | Shoals:1 | Found a runed translucent gate.
 18584 | Shoals:1 | Found a runed translucent gate.
 18605 | Shoals:1 | Found a runed translucent gate.
 18618 | Shoals:1 | Reached skill level 14 in Axes
 18675 | Shoals:1 | Killed Stoinky's ghost
 18867 | Shoals:1 | Identified the +6 hand axe "Gaow Unk" {flame, rF+}
 18955 | Lair:3   | HP: 14/143 [drowned by a water nymph (7)]
 18967 | Shoals:2 | Found a sparkling altar of Nemelex Xobeh.
 19616 | Shoals:1 | Reached skill level 15 in Axes
 19956 | Shoals:2 | Found a glowing silver altar of Zin.
 19969 | Shoals:2 | Received a gift from Trog
 19975 | Shoals:2 | Reached XP level 16. HP: 135/150 MP: 15/15
 20294 | Shoals:2 | Noticed a kraken
 20304 | Shoals:2 | Killed a kraken
 20305 | Shoals:2 | Reached skill level 16 in Axes
 21400 | Shoals:2 | Reached skill level 17 in Axes
 22135 | Shoals:3 | Received a gift from Trog
 22215 | Shoals:3 | Reached skill level 18 in Axes
 22239 | Shoals:3 | Noticed Ilsuiw
 22610 | Shoals:3 | Killed Ilsuiw
 23317 | Shoals:4 | Entered Level 4 of the Shoals
 23711 | Shoals:4 | Noticed Donald
 23721 | Shoals:4 | Killed Donald
 23722 | Shoals:4 | Reached skill level 19 in Axes
 24067 | Shoals:4 | HP: 12/150 [satyr/sling bullet (28)]
 24067 | Shoals:4 | HP: 1/150 [snapping turtle (11)]
 24069 | Shoals:4 | Shot with a sling bullet by a satyr

Vanquished Creatures
  Gastronok (Lair:3)
  A kraken (Shoals:2)
  Donald (Shoals:4)
  The ghost of Stoinky the Impaler, a journeyman MiAK of Lugonu (Shoals:1)
  An orc warlord (Bailey)
  A dire elephant (Lair:6)
  5 merfolk impalers
  Josephine (D:10)
  6 hydras
  2 ice dragons
  The ghost of Rudyous the Fighter, a novice DrCK of the Shining One (D:9)
  2 merfolk aquamancers (Shoals:2)
  3 two-headed ogres
  3 merfolk avatars
  2 satyrs
  4 death yaks (Lair:6)
  7 sea snakes
  2 lindwurms (Lair:6)
  A swamp dragon (Shoals:3)
  Pikel (D:9)
  2 orc knights (Bailey)
  6 harpies
  An oklob plant (Lair:1)
  8 manticores
  An ugly thing (D:9)
  A moth of wrath (Shoals:3)
  10 fauns
  2 wolf spiders (Lair:2)
  4 cyclopes
  12 merfolk sirens
  7 elephants
  5 black mambas
  14 cane toads
  2 water nymphs
  6 torpor snails (Lair:6)
  Psyche (D:8)
  3 rime drakes
  9 komodo dragons
  15 merfolk
  2 ice devils (Lair:6)
  A queen bee (Lair:2)
  3 tyrant leeches (Lair:6)
  12 polar bears
  A wind drake (Shoals:3)
  7 hornets (Lair:6)
  18 blink frogs
  4 raiju (Lair:6)
  8 dream sheep
  6 snapping turtles
  A slime creature (Lair:5)
  9 water elementals
  5 wraiths (D:10)
  3 wyverns
  5 basilisks
  38 yaks
  5 steam dragons
  Eustachio (D:6)
  4 wargs (Lair:6)
  An acid dragon (D:9)
  20 water moccasins
  13 hell hounds (Lair:6)
  13 black bears
  4 sky beasts
  12 orc warriors
  4 centaurs
  22 wolves
  4 kobold brigands
  A lemure (D:9)
  14 bullfrogs
  A gnoll sergeant (D:8)
  2 wyvern zombies
  2 water moccasin skeletons
  23 killer bees (Lair:2)
  A vampire bat (D:4)
  3 howler monkeys
  An electric eel (Lair:4)
  A bullfrog zombie (D:7)
  3 jellies (Lair:5)
  3 centaur zombies
  3 hounds
  Crazy Yiuf (D:2)
  2 centaur skeletons
  An orc priest (D:5)
  2 bullfrog skeletons
  3 gnoll shamans
  Ijyb (D:5)
  2 iguanas
  4 orc wizards
  3 killer bee zombies
  13 mummies (Ossuary)
  22 gnolls
  2 howler monkey skeletons
  4 adders
  2 adder skeletons
  3 worms
  4 dart slugs
  3 fire bats (D:4)
  30 orcs
  2 spectral bats (D:4)
  3 bat skeletons (D:4)
  A bat zombie (D:4)
  6 endoplasms
  2 giant cockroaches
  20 goblins
  9 hobgoblins
  4 quokkas
  5 ball pythons
  12 bats
  A bat simulacrum (D:4)
  3 frilled lizards
  2 gnoll skeletons (Ossuary)
  2 goblin skeletons (Ossuary)
  22 kobolds
  2 kobold skeletons (Ossuary)
  2 orc skeletons (Ossuary)
  11 rats
  11 rat skeletons (Ossuary)
  A bush (Lair:1)
  A tentacle (Shoals:2)
663 creatures vanquished.

Vanquished Creatures (collateral kills)
  Ilsuiw (Shoals:3)
  A sea snake (Shoals:2)
  2 merfolk sirens (Shoals:3)
  2 wind drakes
  2 merfolk
  A snapping turtle (Shoals:2)
9 creatures vanquished.

Vanquished Creatures (others)
  An angel (D:9)
  A faun (Shoals:2)
  A cyclops (Shoals:2)
  A dream sheep (Shoals:2)
  An orc priest (D:8)
  An orc (D:8)
  A bush (Lair:6)
  40 fungi
  194 plants
  3 tentacles (Shoals:2)
244 creatures vanquished.

Grand Total: 916 creatures vanquished

Table legend: (Time is in decaauts)
 A = Elapsed time spent in this place.
 B = Non-inter-level travel time spent in this place.
 C = Inter-level travel time spent in this place.
 D = Time resting spent in this place.
 E = Time spent auto-exploring this place.
 F = Levels seen in this place.
 G = Mean time per level.
                   A        B        C        D        E       F      G
               +--------+--------+--------+--------+--------+-----+--------+
         Total |  24242 |  23548 |    694 |   4695 |  13873 |  22 | 1101.9 |
       Dungeon |   8739 |   8384 |    355 |    633 |   6147 |  10 |  873.9 |
          Lair |   8747 |   8510 |    237 |   1385 |   5449 |   6 | 1457.8 |
        Shoals |   5727 |   5625 |    102 |   2592 |   1647 |   4 | 1431.8 |
       Ossuary |    405 |    405 |      0 |      0 |    310 |   1 |  405.0 |
        Bailey |    622 |    622 |      0 |     84 |    319 |   1 |  622.0 |
               +--------+--------+--------+--------+--------+-----+--------+

Top non-repeatable levels by time:
  Lair:6: 2832 daAuts
Shoals:1: 1940 daAuts
Shoals:3: 1879 daAuts
Shoals:2: 1796 daAuts
  Lair:2: 1573 daAuts
  Lair:3: 1436 daAuts
     D:2: 1390 daAuts
  Lair:4: 1285 daAuts
     D:9: 1055 daAuts
     D:4: 985 daAuts
     D:8: 938 daAuts
  Lair:5: 906 daAuts
     D:7: 876 daAuts
     D:6: 787 daAuts
     D:5: 782 daAuts

Table legend:
 A = Non-vault XP
 B = Vault XP
 C = Vault XP percentage of total XP
 D = Non-vault monster count
 E = Vault monster count
 F = Vault count percentage of total count
                 A         B        C        D         E       F
            +---------+---------+-------+---------+---------+-------
      Total |   86326 |   56923 |  39.7 |     386 |     284 |  42.4
            +---------+---------+-------+---------+---------+-------
        D:1 |      27 |       0 |   0.0 |      17 |       0 |   0.0
        D:2 |      32 |      42 |  56.8 |      19 |       1 |   5.0
        D:3 |      68 |       3 |   4.2 |      12 |       2 |  14.3
        D:4 |     237 |     181 |  43.3 |      21 |      20 |  48.8
        D:5 |     540 |      36 |   6.2 |      25 |       1 |   3.8
        D:6 |     649 |     313 |  32.5 |      14 |       3 |  17.6
        D:7 |     842 |       0 |   0.0 |      17 |       0 |   0.0
        D:8 |     814 |     817 |  50.1 |      17 |       5 |  22.7
        D:9 |    1108 |    4143 |  78.9 |       5 |       9 |  64.3
       D:10 |    2484 |    2482 |  50.0 |      16 |      13 |  44.8
     Lair:1 |    3896 |     587 |  13.1 |      12 |       1 |   7.7
     Lair:2 |    4660 |    5780 |  55.4 |      20 |      41 |  67.2
     Lair:3 |    6596 |    3289 |  33.3 |      21 |       5 |  19.2
     Lair:4 |    2935 |       0 |   0.0 |      11 |       0 |   0.0
     Lair:5 |    4690 |     453 |   8.8 |      19 |       5 |  20.8
     Lair:6 |   17413 |   18748 |  51.8 |      54 |      76 |  58.5
   Shoals:1 |    6577 |    4014 |  37.9 |      11 |       5 |  31.2
   Shoals:2 |   23197 |    3612 |  13.5 |      53 |       5 |   8.6
   Shoals:3 |    8480 |    3209 |  27.5 |      19 |       5 |  20.8
   Shoals:4 |    1081 |    5352 |  83.2 |       3 |       9 |  75.0
    Ossuary |       0 |     256 | 100.0 |       0 |      32 | 100.0
     Bailey |       0 |    3606 | 100.0 |       0 |      46 | 100.0
            +---------+---------+-------+---------+---------+-------
